 Dungeon Crawl Stone Soup version 0.18.1-48-g4cf74bf (webtiles) character file.

20345 MovingMist the Blocker (level 12, -7/80 HPs)
             Began as a Gargoyle Fighter on Aug 23, 2016.
             Was a High Priest of Ashenzari.
             Killed from afar by an ice statue (33 damage)
             ... with a bolt of cold
             ... in an ice cave.
             The game lasted 00:42:58 (12143 turns).

MovingMist the Blocker (Gargoyle Fighter)          Turns: 12143, Time: 00:42:59

Health: -7/80      AC: 30    Str: 25    XL:     12   Next: 78%
Magic:  12/12      EV:  8    Int: 11    God:    Ashenzari [*****.]
Gold:   717        SH: 20    Dex: 11    Spells: 0 memorised, 11 levels left

rFire  + . .     SeeInvis +     a - +4 flail (curse)
rCold  x . .     Gourm    .     j - +0 plate armour (curse)
rNeg   + . .     Faith    .     c - +0 shield (curse)
rPois  ∞         Spirit   .     (no helmet)
rElec  +         Dismiss  .     b - +0 cloak (curse)
rCorr  .         Reflect  +     k - +0 pair of gloves (curse)
SustAt .         Harm     .     t - +0 pair of boots
MR     .....     Clarity  +     y - +6 amulet of reflection (curse)
Stlth  ..........               U - +4 ring of strength
                                m - ring of fire

@: very slightly contaminated, invisible, not resistant to hostile enchantments,
extremely unstealthy
A: negative energy resistance 1, electricity resistance, unbreathing,
petrification resistance, rot immunity, AC +8
a: Curse Item, Scrying, Transfer Knowledge, Renounce Religion


You were in an ice cave.
You worshipped Ashenzari.
Ashenzari was extremely pleased with you.
You were not hungry.

You visited 2 branches of the dungeon, and saw 13 of its levels.
You also visited: Sewer and Ice Cave.

You collected 717 gold pieces.

Inventory:

Hand Weapons
 a - a cursed +4 flail (weapon)
Armour
 b - a cursed +0 cloak (worn)
 c - a cursed +0 shield (worn)
 j - a cursed +0 plate armour (worn)
 k - a cursed +0 pair of gloves (worn)
 t - a +0 pair of boots (worn)
Jewellery
 m - a ring of fire (left hand)
 n - an uncursed amulet of faith
 v - an uncursed ring of ice
 y - a cursed +6 amulet of reflection (around neck)
 F - an uncursed ring of resist corrosion
 N - the amulet "Fav Pipt" {Inacc *Contam rPois Str+2 Int+2}
   (You found it on level 9 of the Dungeon)

   [amulet of inaccuracy]

   It reduces the accuracy of all your attacks.
   It affects your strength (+2).
   It affects your intelligence (+2).
   It protects you from poison.
   It causes magical contamination when unequipped.
 S - an uncursed ring of flight
 U - a +4 ring of strength (right hand)
 W - an uncursed amulet of rage
Wands
 e - a wand of flame (25/48)
 p - a wand of polymorph (4/24)
 s - a wand of flame (22/48)
 D - a wand of enslavement (12/24)
 E - a wand of lightning (5/15)
 G - a wand of digging (10/24)
 P - a wand of acid (5/15)
 Q - a wand of slowing (21/48)
Scrolls
 l - 3 scrolls of blinking
 r - 11 scrolls of teleportation
 u - 2 scrolls of noise
 w - a scroll of fear
 A - 2 scrolls of fog
 C - a scroll of recharging
 H - 2 scrolls of magic mapping
 I - 2 scrolls of amnesia
 O - a scroll of torment
Potions
 d - 4 potions of might
 g - 2 potions of agility
 o - 4 potions of cure mutation
 q - 3 potions of invisibility
 x - 2 potions of brilliance
 z - 3 potions of curing
 B - a potion of haste
 L - 2 potions of lignification
 R - a potion of cancellation {unknown}
 T - a potion of heal wounds
 V - 2 potions of degeneration {unknown}
Comestibles
 f - 8 bread rations
 h - 3 chunks of flesh
 i - 2 beef jerkies
 J - 2 meat rations
 K - 5 fruits
 M - a slice of pizza


   Skills:
 + Level 11.5 Fighting
 + Level 10.7(14.4) Maces & Flails
 + Level 11.5(15.2) Armour
 - Level 0.7 Dodging
 + Level 12.0(14.4) Shields


You had 11 spell levels left.
You didn't know any spells.

Dungeon Overview and Level Annotations

Branches:
Dungeon (9/15)             Temple (0/1) D:7            Lair (4/8) D:9
    Orc (0/2) D:9
  Swamp: Lair:3-6    Shoals: Lair:3-6     Snake: Lair:3-6    Spider: Lair:3-6

Altars:
Ashenzari
Elyvilon
Fedhas
Makhleb
Nemelex Xobeh
Okawaru
Vehumet
Xom
Yredelemnul
The Shining One

Annotations:
IceCv exclusion: 3 ice statues


Innate Abilities, Weirdness & Mutations

You are resistant to torment.
Your stone body is resilient (AC +8).
You are immune to poison.
You resist negative energy.
You are resistant to electric shocks.
You can survive without breathing.
You are immune to petrification.
You are immune to rotting.


Message History

You are engulfed in freezing vapours.
The ice statue gestures at you.
You hit the ice statue.
The ice statue is lightly damaged.
You are engulfed in freezing vapours.
The ice statue gestures at you. The shard of ice hits you!
You feel a painful chill!
You sock the ice statue!
The ice statue is lightly damaged.
You are engulfed in freezing vapours.
You hit the ice statue.
The ice statue is lightly damaged.
You are engulfed in freezing vapours.
The ice statue gestures at you.
You hit the ice statue but do no damage.
The ice statue is lightly damaged.
You are engulfed in freezing vapours.
The ice statue gestures at you. x3
The bolt of cold hits you!
You feel a terrible chill!
You die...

#.......).#
#####.#####
#8.......8#
#.........#
#.........#
#.§.§...§.#
#.§§§§.§..#
##§§§§§§.##
##§§@§§##
###8### **
... *
,....., *
.......,*
.........
#.........#
#).......!#
, , ,


You could see 3 ice statues.

Vanquished Creatures
  The ghost of ThereIsNoGod the Executioner, a journeyman MiGl of Makhleb (Lair:2)
  Fannar (Lair:1)
  A hydra (Lair:1)
  Harold (Lair:1)
  The ghost of MTVSty1e the Skirmisher, a novice FoFi of Okawaru (D:6)
  3 black mambas
  5 spiny frogs
  4 komodo dragons
  2 trolls (D:9)
  A polar bear (Lair:3)
  Grinder (D:3)
  8 blink frogs
  A wyvern (D:9)
  20 yaks
  3 wraiths
  A basilisk (Lair:3)
  3 hippogriffs
  2 hungry ghosts
  Menkaure (D:7)
  5 water moccasins
  A porcupine (Lair:1)
  15 ice beasts
  4 orc warriors (D:9)
  2 phantoms (D:9)
  2 necrophages
  4 centaurs
  6 ogres
  2 crocodiles
  An elf zombie (D:8)
  6 giant frogs
  6 scorpions
  2 troll zombies (D:9)
  6 killer bees (D:7)
  2 wights (D:8)
  3 electric eels (D:6)
  2 howler monkeys
  2 crimson imps (D:8)
  2 orc priests (D:9)
  A centaur skeleton (D:4)
  6 hounds
  4 human zombies (D:8)
  A jelly (D:9)
  2 orc wizards
  14 iguanas
  Natasha (thrice) (D:4)
  5 worker ants
  11 sheep
  6 ogre zombies (D:9)
  A hound skeleton (D:9)
  A howler monkey zombie (D:6)
  A worker ant zombie (D:8)
  6 gnolls (D:6)
  20 river rats
  12 adders
  2 shadow imps
  2 oozes
  An adder zombie (D:9)
  3 adder skeletons
  7 worms
  10 dart slugs
  8 giant geckos
  11 orcs
  5 ball pythons
  7 giant cockroaches
  9 goblins
  8 hobgoblins
  13 jackals
  4 quokkas
  16 bats
  2 giant newts
  4 goblin zombies (D:9)
  A hobgoblin skeleton (D:9)
  A hobgoblin zombie (D:9)
  A jackal skeleton (D:5)
  12 kobolds
  An orc skeleton (D:8)
  20 orc zombies
  A quokka skeleton (D:4)
  A quokka zombie (D:5)
  16 rats
393 creatures vanquished.

Vanquished Creatures (others)
  A howler monkey (D:4)
  An adder (D:6)
  2 dart slugs (D:6)
  A quokka (D:4)
  5 fungi
  A plant (Lair:2)
11 creatures vanquished.

Grand Total: 404 creatures vanquished

Notes
Turn   | Place    | Note
--------------------------------------------------------------
     0 | D:1      | MovingMist the Gargoyle Fighter began the quest for the Orb.
     0 | D:1      | Reached XP level 1. HP: 14/14 MP: 1/1
    85 | D:1      | Reached XP level 2. HP: 18/19 MP: 2/2
   180 | D:1      | Found a shattered altar of Ashenzari.
   213 | D:1      | Became a worshipper of Ashenzari the Shackled
   354 | D:1      | Reached XP level 3. HP: 20/23 MP: 3/3
   435 | D:1      | Reached skill level 4 in Shields
   789 | D:2      | Found a sparkling altar of Nemelex Xobeh.
   809 | D:2      | Found a white marble altar of Elyvilon.
  1008 | D:2      | Reached XP level 4. HP: 29/29 MP: 4/4
  1406 | D:3      | Reached * piety under Ashenzari
  1576 | D:3      | Reached XP level 5. HP: 21/33 MP: 5/5
  1979 | D:3      | Noticed Grinder
  2006 | D:3      | Killed Grinder
  2006 | D:3      | Reached skill level 5 in Shields
  2006 | D:3      | Reached XP level 6. HP: 12/39 MP: 6/6
  2308 | D:4      | Reached XP level 7. HP: 31/44 MP: 7/7
  2651 | D:4      | Found a glowing golden altar of the Shining One.
  2673 | D:4      | Reached skill level 5 in Armour
  2754 | D:4      | Reached skill level 5 in Fighting
  2802 | D:4      | Found a shimmering altar of Xom.
  2804 | D:4      | Reached ** piety under Ashenzari
  2833 | D:4      | Noticed Natasha
  2838 | D:4      | Killed Natasha
  2865 | D:4      | Noticed Natasha
  2867 | D:4      | Killed Natasha
  3039 | D:4      | Noticed Natasha
  3052 | D:4      | Killed Natasha
  3277 | D:5      | Entered Level 5 of the Dungeon
  3298 | D:5      | Reached skill level 6 in Shields
  3505 | D:5      | Found a blossoming altar of Fedhas.
  3506 | D:5      | Found a shattered altar of Ashenzari.
  3594 | D:5      | Found a glowing drain.
  3634 | Sewer    | Entered a sewer
  3645 | Sewer    | Reached XP level 8. HP: 47/50 MP: 8/8
  4215 | D:5      | Found an iron altar of Okawaru.
  4395 | D:6      | Reached skill level 5 in Maces & Flails
  4467 | D:6      | Noticed MTVSty1e's ghost (novice FoFi)
  4510 | D:6      | Killed MTVSty1e's ghost
  4510 | D:6      | Reached skill level 7 in Shields
  4515 | D:6      | Reached XP level 9. HP: 44/56 MP: 9/9
  5720 | D:7      | Noticed Menkaure
  5727 | D:7      | Killed Menkaure
  5760 | D:7      | Reached skill level 8 in Shields
  5768 | D:7      | HP: 2/57 [killer bee (3)]
  5774 | D:7      | HP: 2/57 [killer bee (2)]
  6383 | D:7      | Found a burning altar of Makhleb.
  6383 | D:7      | Found a staircase to the Ecumenical Temple.
  6708 | D:8      | Reached *** piety under Ashenzari
  6848 | D:8      | Reached XP level 10. HP: 64/64 MP: 10/10
  7008 | D:8      | Found a radiant altar of Vehumet.
  7216 | D:8      | Found a basalt altar of Yredelemnul.
  7266 | D:8      | Reached skill level 9 in Shields
  7559 | D:9      | Found a staircase to the Lair.
  7812 | D:9      | Found a staircase to the Orcish Mines.
  7891 | D:9      | Identified the amulet "Fav Pipt" {Inacc *Contam rPois Str+2 Int+2}
  8357 | D:9      | Reached XP level 11. HP: 62/71 MP: 11/11
  8369 | D:9      | Reached skill level 10 in Shields
  8447 | Lair:1   | Entered Level 1 of the Lair of Beasts
  8491 | Lair:1   | Noticed a four-headed hydra
  8493 | Lair:1   | Noticed Fannar
  8508 | Lair:1   | Killed a four-headed hydra
  8546 | Lair:1   | Killed Fannar
  8607 | Lair:1   | Reached skill level 10 in Armour
  8618 | Lair:1   | Reached skill level 10 in Fighting
  9048 | Lair:1   | Reached **** piety under Ashenzari
  9137 | Lair:1   | Noticed Harold
  9178 | Lair:1   | Killed Harold
  9405 | Lair:2   | Reached skill level 11 in Shields
  9784 | Lair:2   | Noticed ThereIsNoGod's ghost (journeyman MiGl)
  9828 | Lair:2   | Killed ThereIsNoGod's ghost
  9828 | Lair:2   | Reached XP level 12. HP: 17/79 MP: 12/12
  9834 | Lair:2   | Reached skill level 10 in Maces & Flails
 10241 | Lair:2   | Identified the +8 halberd of a ziggurat {drain, rF- rN++ Int+3}
 10696 | Lair:3   | Found a sparkling altar of Nemelex Xobeh.
 11392 | Lair:3   | Reached ***** piety under Ashenzari
 12020 | Lair:4   | Found a frozen archway.
 12037 | Lair:4   | Reached skill level 12 in Shields
 12070 | IceCv    | Entered an ice cave
 12143 | IceCv    | Killed from afar by an ice statue

Skill      XL: |  1  2  3  4  5  6  7  8  9 10 11 12 |
---------------+-------------------------------------+-----
Shields        | 4 5 6 7 8 9 11 12 | 12.0
Armour         | 4 5 6 8 9 10 11 | 11.5
Fighting       | 4 5 6 8 9 10 11 | 11.5
Maces & Flails | 3 4 5 7 8 9 10 | 10.7
Dodging        | |  0.7

Action                   |  1- 3 |  4- 6 |  7- 9 | 10-12 || total
-------------------------+-------+-------+-------+-------++-------
Melee: Flail             |   114 |   241 |   494 |  1145 ||  1994
Invok: Curse Item        |     3 |       |     2 |     1 ||     6
       Scrying           |       |       |     1 |     1 ||     2
  Use: Scroll            |     3 |     4 |    12 |     5 ||    24
       Potion            |       |     1 |     2 |     3 ||     6
  Eat: Chunk             |     1 |     5 |    17 |    15 ||    38
       Meat ration       |       |       |     1 |       ||     1
       Royal jelly       |       |       |       |     1 ||     1
Armor: Scale mail        |    18 |       |       |       ||    18
       Plate armour      |    59 |   173 |   279 |   475 ||   986
Dodge: Dodged            |    17 |    45 |    78 |   190 ||   330
Block: Shield            |    64 |   158 |   396 |  1050 ||  1668
       Reflection        |       |       |     9 |     3 ||    12
